AoeStats
← zanzan114514

African Clearing

510487563Analyzed
4v4 RM · 1d ago on Oct 1, 2026· 53m 17s· 8 players
Game mode
Random Map
Map size
Large (8 player)
Population
200
Speed
Normal
Resources
Standard
Victory
Conquest
Starting age
Dark Age
Ending age
Imperial Age
RankedLock teamsTeams togetherTeam positionsShared explorationLock speedFull tech treeHidden civsTurbo modeCheats
Victory
Defeat
🇨🇳 Berbers · China
1210
+15
🇩🇰 Chinese · Denmark
1196
+16
🇸🇰 Mongols · Slovakia
1120
+19
1084
+20
🇨🇳 Inca · China
1245
-19
🇨🇳 Spanish · China
1186
-18
🇻🇳 Wei · Vietnam
1173
-17
🇨🇳 Slavs · China
1138
-16
一叶知秋
4:29 Loom
15:10 Feudal Age
20:17 Castle Age
20:01 Bloodlines
21:21 Husbandry
21:46 Forging
28:05 Scale Barding Armor
32:04 Wheelbarrow
33:04 Hand Cart
33:10 Double-Bit Axe
33:06 Horse Collar
34:47 Gold Mining
35:12 Town Watch
37:13 Iron Casting
39:42 Gold Shaft Mining
41:46 Heavy Plow
44:56 Imperial Age
52:12 Imperial Age
52:19 Cavalier
kw3dsky
6:11 Loom
6:26 Loom
14:30 Feudal Age
14:38 Man-at-Arms
23:19 Castle Age
38:50 Scale Barding Armor
40:51 Forging
45:14 Iron Casting
zanzan114514
5:02 Loom
15:22 Feudal Age
18:55 Castle Age
17:42 Horse Collar
20:05 Bloodlines
21:18 Husbandry
45:03 Imperial Age
43:06 Scale Barding Armor
44:15 Wheelbarrow
43:45 Heavy Plow
43:36 Town Watch
45:08 Gold Mining
45:08 Stone Mining
45:07 Double-Bit Axe
46:09 Hand Cart
45:18 Cavalier
46:38 Forging
46:58 Conscription
47:34 Chain Barding Armor
48:18 Iron Casting
49:10 Plate Barding Armor
49:01 Paladin
51:47 Blast Furnace
小红的蛋蛋
13:16 Feudal Age
13:31 Champi Runner
13:56 Arson
15:52 Forging
15:46 Scale Mail Armor
15:54 Double-Bit Axe
17:19 Wheelbarrow
17:01 Gold Mining
17:09 Loom
22:39 Castle Age
21:36 Horse Collar
23:12 Champi Warrior
23:55 Squires
26:50 Iron Casting
26:31 Chain Mail Armor
27:53 Chain Mail Armor
28:29 Pikeman
35:23 Bow Saw
38:17 Gold Shaft Mining
37:38 Stone Mining
40:42 Hand Cart
40:32 Heavy Plow
41:08 Gold Shaft Mining
41:09 Stone Shaft Mining
Doctorbonus
3:06 Loom
12:40 Feudal Age
13:31 Town Watch
16:59 Castle Age
15:12 Scale Mail Armor
16:21 Double-Bit Axe
18:28 Wheelbarrow
18:46 Chain Mail Armor
21:13 Forging
21:38 Squires
23:20 Bow Saw
26:32 Horse Collar
27:42 Stone Mining
33:13 Fletching
34:22 Hand Cart
35:17 Ballistics
35:23 Bodkin Arrow
38:52 Imperial Age
37:42 Padded Archer Armor
38:55 Leather Archer Armor
38:44 Great Wall
38:40 Gold Mining
39:35 Stone Shaft Mining
39:36 Town Patrol
39:37 Bracer
40:48 Chemistry
39:39 Guard Tower
39:35 Arrowslits
40:33 Thumb Ring
40:57 Conscription
42:52 Ring Archer Armor
43:37 Masonry
44:03 Keep
44:46 Gold Shaft Mining
44:44 Plate Mail Armor
43:38 Pikeman
46:03 Iron Casting
45:28 Murder Holes
46:04 Architecture
45:03 Heavy Rocket Cart
47:13 Two-Man Saw
46:03 Halberdier
49:31 Blast Furnace
50:23 Heavy Plow
51:47 Fortified Wall
51:26 Elite Chu Ko Nu
Emilio
4:24 Loom
15:06 Feudal Age
21:26 Fletching
27:16 Castle Age
26:03 Padded Archer Armor
28:14 Thumb Ring
28:30 Town Watch
32:47 Bodkin Arrow
43:20 Imperial Age
43:19 Double-Bit Axe
44:52 Conscription
45:47 Pikeman
52:41 Ballistics
噜噜啊噜噜噜噜噜
5:20 Loom
17:11 Feudal Age
18:42 Wheelbarrow
21:23 Castle Age
19:13 Double-Bit Axe
19:33 Town Watch
20:01 Forging
19:57 Scale Barding Armor
22:30 Husbandry
23:29 Iron Casting
23:43 Bow Saw
36:07 Hand Cart
39:08 Chain Barding Armor
44:00 Imperial Age
42:11 Padded Archer Armor
42:01 Fletching
42:12 Scale Mail Armor
43:11 Elite Skirmisher
44:28 Cavalier
44:28 Light Cavalry
46:19 Blast Furnace
46:01 Plate Barding Armor
46:20 Fortified Wall
47:08 Light Cavalry
47:30 Paladin
52:40 Chemistry
51:51 Masonry
51:37 Murder Holes
52:14 Ballistics
51:40 Arrowslits
51:50 Murder Holes
51:35 Treadmill Crane
52:55 Pikeman
53:21 Arson
52:57 Man-at-Arms
53:22 Gambesons
53:40 Town Patrol
53:58 Chain Mail Armor
53:59 Leather Archer Armor
53:39 Bodkin Arrow
53:47 Caravan
54:18 Coinage
ORANGE汁!!!
6:22 Loom
13:32 Feudal Age
16:02 Double-Bit Axe
18:43 Castle Age
17:48 Forging
20:53 Scale Barding Armor
24:28 Husbandry
25:08 Town Watch
26:26 Chain Barding Armor
26:25 Bloodlines
32:48 Horse Collar
33:19 Bow Saw
36:04 Iron Casting
38:16 Wheelbarrow
41:10 Gold Mining
41:11 Stone Mining
47:44 Imperial Age
47:42 Hand Cart
48:09 Cavalier
Connection lost

Rejoining the realm…

Still unreachable

The connection could not be restored.

Session expired

The server has moved on; the page needs a fresh start.